 Dungeon Crawl Stone Soup version 0.31.0-32-g396128a36d (webtiles) character file.

Game seed: 4932039512005401955

98433 mitya21 the Black Belt (level 15, -2/110 HPs)
             Began as a Demonspawn Shapeshifter on Mar 19, 2024.
             Slain by an azure jelly (52 damage)
             ... on level 1 of the Pits of Slime.
             The game lasted 00:45:20 (18098 turns).

mitya21 the Black Belt (Demonspawn Shapeshifter)   Turns: 18098, Time: 00:45:27

Health: -2/110     AC: 14    Str: 19    XL:     15   Next: 74%
Magic:  15/15      EV: 12    Int: 11    God:
Gold:   1654       SH:  0    Dex: 19    Spells: 14/14 levels left

rFire   . .          .
                       - Unarmed
rCold   . . .        (shield currently unavailable)
rNeg    . . .        D - +8 chain mail "Tihip" {-Tele Harm Regen+ Stlth+}
rPois   .            (no helmet)
rElec   .            (no cloak)
rCorr   .            I - melded +0 pair of gloves
SInv    .            (boots unavailable)
Will    ++...        v - amulet of regeneration
Stlth   ++           k - +4 ring of protection
HPRegen 1.98/turn    O - ring "Xukh" {Will+ Str+4}
MPRegen 0.14/turn

%: no teleportation, harm (+30% outgoing, +20% incoming)
@: blade hands, sanguine armoured, studying Conjurations, corroded
A: hooves 3, ignite blood 3, powered by pain 1, sanguine armour 3
a: Begin Untransformation


You were on level 1 of the Pits of Slime.
You had blades for hands.
You visited 4 branches of the dungeon, and saw 22 of its levels.

You collected 1894 gold pieces.
You spent 240 gold pieces at shops.

Inventory:

Missiles
 F - a throwing net (quivered)
Armour
 a - a +1 animal skin
 D - the +8 chain mail "Tihip" (worn) {-Tele Harm Regen+ Stlth+}
   (You found it on level 9 of the Dungeon)

   -Tele:     It prevents most forms of teleportation.
   Regen+:    It increases your rate of health regeneration.
   Harm:      It increases damage dealt and taken.
   Stlth+:    It makes you more stealthy.
 I - a +0 pair of gloves (melded)
Jewellery
 k - a +4 ring of protection (left blade hand)
 v - an amulet of regeneration (around neck)
 C - a ring of protection from fire
 G - a ring of ice
 H - a ring of ice
 O - the ring "Xukh" (right blade hand) {Will+ Str+4}
   (You found it on level 2 of the Lair of Beasts)

   [ring of willpower]

   Str+4:     It affects your strength (+4).
   Will+:     It increases your willpower.
 R - a ring of willpower
Talismans
 c - a beast talisman
 x - a flux talisman
 z - a blade talisman (active)
 U - a serpent talisman
Wands
 d - a wand of quicksilver (36)
 l - a wand of mindburst (8)
 q - a wand of polymorph (6)
 w - a wand of charming (21)
 A - a wand of flame (56)
 J - a wand of iceblast (13)
Scrolls
 b - 5 scrolls of vulnerability
 g - 2 scrolls of blinking
 m - 6 scrolls of fear
 n - a scroll of immolation
 o - 3 scrolls of poison
 s - a scroll of enchant weapon
 y - 2 scrolls of revelation
 B - 6 scrolls of teleportation
 E - 2 scrolls of enchant armour
 N - 2 scrolls of amnesia
 Q - a scroll of identify
 T - a scroll of torment
Potions
 e - 9 potions of curing
 f - 4 potions of attraction
 h - 3 potions of cancellation
 i - 2 potions of invisibility
 p - a potion of resistance
 r - 4 potions of enlightenment
 t - a potion of ambrosia
 u - 2 potions of haste
 K - a potion of berserk rage
 L - 2 potions of might
 M - a potion of lignification
 P - 2 potions of mutation
 S - 2 potions of heal wounds
 V - a potion of brilliance
Miscellaneous
 j - a phantom mirror


   Skills:
 + Level 8.2 Fighting
 + Level 8.5 Dodging
 + Level 5.1 Stealth
 + Level 19.0 Unarmed Combat
 * Level 13.1 Shapeshifting


You had 14 spell levels left.
You didn't know any spells.
Your spell library contained the following spells:

 Spells                   Type           Power      Damage    Failure   Level
 Freeze                   Ice            0%         1d3       98%         1
 Magic Dart               Conj           0%         1d3       98%         1
 Lesser Beckoning         Tloc           0%         N/A       99%         2
 Searing Ray              Conj           0%         2d4       99%         2
 Static Discharge         Conj/Air       0%         3-3/arc   99%         2
 Sublimation of Blood     Necr           0%         N/A       99%         2
 Dazzling Flash           Conj/Hex       0%         N/A       100%        3
 Frozen Ramparts          Ice            0%         1d1       100%        3
 Fugue of the Fallen      Necr           0%         N/A       100%        3
 Gell's Gravitas          Tloc           0%         N/A       100%        3
 Hailstorm                Conj/Ice       0%         3d5       100%        3
 Inner Flame              Hex/Fire       0%         N/A       100%        3
 Mephitic Cloud           Conj/Alch/Air  0%         N/A       100%        3
 Ozocubu's Armour         Ice            0%         N/A       100%        3
 Stone Arrow              Conj/Erth      0%         3d7       100%        3
 Summon Ice Beast         Ice/Summ       0%         N/A       100%        3
 Teleport Other           Tloc           0%         N/A       100%        3
 Airstrike                Air            0%         2d(0-16)  100%        4
 Animate Armour           Summ/Erth      0%         N/A       100%        4
 Brom's Barrelling Bould  Conj/Erth      0%         2d3       100%        4
 Flame Wave               Conj/Fire      0%         2d4       100%        4
 Fulminant Prism          Conj/Alch      0%         3d5       100%        4
 Leda's Liquefaction      Alch/Erth      0%         N/A       100%        4
 Manifold Assault         Tloc           0%         N/A       100%        4
 Olgreb's Toxic Radiance  Alch           0%         N/A       100%        4
 Petrify                  Alch/Erth      0%         N/A       100%        4
 Sticky Flame             Fire/Alch      0%         2d4       100%        4
 Summon Lightning Spire   Summ/Air       0%         N/A       100%        4
 Curse of Agony           Necr           0%         N/A       100%        5
 Fireball                 Conj/Fire      0%         3d3       100%        5
 Irradiate                Conj/Alch      0%         3d11      100%        5
 Iskenderun's Battlesphe  Conj           0%         2d6       100%        5
 Lee's Rapid Deconstruct  Erth           0%         3d4*      100%        5
 Metabolic Englaciation   Hex/Ice        0%         N/A       100%        5
 Silence                  Hex/Air        0%         N/A       100%        5
 Conjure Ball Lightning   Conj/Air       0%         3x3d6     100%        6
 Sculpt Simulacrum        Ice/Alch       0%         N/A       100%        6
 Malign Gateway           Summ/Tloc      0%         N/A       100%        7
 Orb of Destruction       Conj           0%         9d5       100%        7
 Ozocubu's Refrigeration  Ice            0%         4d7       100%        7
 Discord                  Hex            0%         N/A       100%        8
 Lehudib's Crystal Spear  Conj/Erth      0%         10d2      100%        8
 Summon Horrible Things   Summ           0%         N/A       100%        8


Dungeon Overview and Level Annotations

Branches:
Dungeon (15/15)            Temple (1/1) D:5            Lair (5/5) D:8
 Shoals (0/4) Lair:3       Spider (0/4) Lair:3        Slime (1/5) Lair:5
    Orc (0/2) D:9          Vaults (0/5) D:13         Depths (0/4) D:15

Altars:
Ashenzari
Cheibriados
Dithmenos
Fedhas
Gozag
Hepliaklqana
Kikubaaqudgha
Makhleb
Nemelex Xobeh
Okawaru
Qazlal
Ru
Sif Muna
Trog
Uskayaw
Vehumet
Wu Jian
Xom
Yredelemnul

Shops:
D:6 !   D:10 :


Innate Abilities, Weirdness & Mutations

You have blades for hands.
You are incapable of wielding weapons or throwing items.
You have hooves in place of feet.
Your demonic aura causes all spilled blood to erupt in flames.
You sometimes gain a little power by taking damage.
When seriously injured, your blood forms very thick armour. (AC +12)


Message History

You barely miss the slime creature. The slime creature hits you!
You slash the slime creature! You kick the slime creature.
You slash the slime creature, but do no damage.
The slime creature is moderately wounded.
The slime creature hits you. The slime creature misses you.
You slash the slime creature!
You kick the slime creature, but do no damage.
The slime creature is heavily wounded.
You slice the slime creature!!
You kill the slime creature!
The slime creature hits you!
Two slime creatures merge to form a large slime creature.
You hit the large slime creature but do no damage.
You slice the large slime creature!! You kick the large slime creature!
The large slime creature is heavily wounded.
You slice the large slime creature!!
The large slime creature is severely wounded.
You barely miss the large slime creature.
You slash the large slime creature!
The large slime creature is almost dead.
You barely miss the large slime creature.
You kick the large slime creature!
The large slime creature is almost dead.
A large slime creature splits.
You slash the slime creature!
You kill the slime creature!
The slime creature barely misses you.
You barely miss the slime creature. You kick the slime creature.
The slime creature is almost dead.
An azure jelly comes into view.
You slash the slime creature!
You kill the slime creature!
A slime creature comes into view.
An acid blob comes into view. 3 slime creatures come into view.
The slime creature quivers. x3
A slime creature comes into view.
The azure jelly hits you. The azure jelly freezes you!!!
Your blood congeals into armour.
The azure jelly hits you. The azure jelly freezes you!!!
You die...

..... # ##.#.##.# #
####...... .#
###.#.#.....#..#
#..............#
..........#
#......<..##
###........###
###.....#@.#
#.......J..#
..J........J.#
................
...............##.#
..............#. #
........J..J..
.......J...J..


You could see an acid blob (wandering), an azure jelly and 5 slime creatures.

Vanquished Creatures
  Jorgrun (D:14)
  Frances (D:14)
  Gastronok (D:9)
  A stone giant (D:15)
  Nessos (D:13)
  A fire dragon (D:14)
  10 hydras
  Erolcha (D:10)
  Harold (D:10)
  An ogre mage (D:12)
  2 catoblepae
  11 death yaks
  6 centaur warriors
  A two-headed ogre (D:14)
  4 boulder beetles
  A tengu warrior (D:14)
  An occultist (D:15)
  Urug (D:13)
  Lodul (D:13)
  2 skysharks
  A fire crab (D:12)
  A pharaoh ant (Lair:3)
  A swamp dragon (shapeshifter) (D:12)
  An arcanist (D:11)
  3 orc knights
  6 deep elf pyromancers
  An orc sorcerer (D:15)
  A wolf spider (D:12)
  4 manticores
  4 ugly things
  7 cyclopes
  Maurice (D:7)
  11 black mambas
  5 elephants
  A meliai (D:12)
  17 slime creatures
  Joseph (D:10)
  A merfolk siren (Lair:3)
  2 black mambas (shapeshifter) (D:15)
  A gargoyle (D:12)
  18 cane toads
  2 torpor snails (Lair:4)
  8 komodo dragons
  3 unseen horrors
  Maggie (D:9)
  3 rime drakes (Lair:3)
  A yaktaur (D:12)
  A komodo dragon (shapeshifter) (D:14)
  2 efreet (D:15)
  A freezing wraith (D:14)
  5 kobold demonologists
  A tengu conjurer (D:14)
  A polar bear (Lair:5)
  3 hornets
  7 trolls
  18 blink frogs
  Grinder (D:3)
  17 dream sheep
  Sigmund (D:3)
  A jumping spider (Lair:3)
  A raiju (shapeshifter) (D:14)
  A centaur simulacrum (D:13)
  2 wraiths
  13 wyverns
  51 yaks
  A shadow (D:9)
  A vampire (D:10)
  Eustachio (D:6)
  A yak (shapeshifter) (D:14)
  3 basilisks
  2 redbacks (Lair:3)
  A warg (shapeshifter) (D:15)
  16 humans (D:13)
  Menkaure (D:5)
  4 vampire mosquitoes
  An acid dragon (D:13)
  34 water moccasins
  5 black bears
  7 orc warriors
  2 sky beasts
  An ice beast (D:6)
  A laughing skull (D:12)
  A boggart (shapeshifter) (D:14)
  10 wolves
  4 centaurs
  A phantom (D:5)
  3 kobold brigands
  14 bullfrogs
  4 scorpions
  A gnoll sergeant (D:9)
  4 wights
  8 killer bees
  8 howler monkeys
  A bombardier beetle (D:4)
  An electric eel (Lair:3)
  5 orc priests
  4 gnoll boudas
  5 hounds
  2 jellies (D:5)
  Terence (D:3)
  2 sleepcaps
  4 iguanas
  7 orc wizards
  27 gnolls
  4 adders
  2 shadow imps
  A white imp (D:5)
  A dart slug (D:1)
  3 ribbon worms
  41 orcs
  5 ball pythons
  4 bats
  5 endoplasms
  3 giant cockroaches
  9 goblins
  10 hobgoblins
  7 jackals (D:2)
  5 quokkas
  3 frilled lizards
  12 kobolds
  3 rats
599 creatures vanquished.

Notes
Turn   | Place    | Note
-------+----------+-------------------------------------------
     0 | D:1      | mitya21 the Demonspawn Shapeshifter began the quest for the
                  | Orb.
     0 | D:1      | Reached XP level 1. HP: 15/15 MP: 1/1
   142 | D:1      | Found a faded altar of an unknown god.
   166 | D:1      | Gained mutation: When seriously injured, your blood forms
                  | armour. (AC +12) [demonic ancestry]
   166 | D:1      | Reached XP level 2. HP: 21/21 MP: 2/2
   415 | D:1      | Reached skill level 3 in Unarmed Combat
   725 | D:2      | Gained mutation: Your demonic aura sometimes causes spilled
                  | blood to erupt in flames. [demonic ancestry]
   725 | D:2      | Reached XP level 3. HP: 18/26 MP: 3/3
  1220 | D:2      | Gained mutation: When seriously injured, your blood forms
                  | thick armour. (AC +12) [demonic ancestry]
  1220 | D:2      | Reached XP level 4. HP: 32/32 MP: 4/4
  1547 | D:3      | Noticed Sigmund
  1809 | D:3      | Killed Sigmund
  1810 | D:3      | Reached skill level 4 in Unarmed Combat
  1810 | D:3      | Reached XP level 5. HP: 16/37 MP: 5/5
  2042 | D:3      | Noticed Terence
  2054 | D:3      | Killed Terence
  2055 | D:3      | Gained mutation: You have large cloven feet. [demonic
                  | ancestry]
  2055 | D:3      | Reached XP level 6. HP: 19/43 MP: 6/6
  2160 | D:3      | Noticed Grinder
  2172 | D:3      | Killed Grinder
  2173 | D:3      | Reached skill level 1 in Stealth
  2173 | D:3      | Reached skill level 5 in Unarmed Combat
  2517 | D:4      | Reached XP level 7. HP: 49/49 MP: 7/7
  2552 | D:4      | HP: 2/50 [burnt (4)]
  3223 | D:5      | Entered Level 5 of the Dungeon
  3352 | D:5      | Noticed Menkaure
  3357 | D:5      | Killed Menkaure
  3358 | D:5      | Reached skill level 6 in Unarmed Combat
  3408 | D:5      | Found a staircase to the Ecumenical Temple.
  3418 | Temple   | Entered the Ecumenical Temple
  3428 | Temple   | Gained mutation: Your demonic aura often causes spilled
                  | blood to erupt in flames. [demonic ancestry]
  3428 | Temple   | Reached XP level 8. HP: 25/57 MP: 8/8
  4215 | D:5      | Reached skill level 5 in Shapeshifting
  4217 | D:5      | Reached skill level 7 in Unarmed Combat
  4689 | D:6      | Noticed Eustachio
  4807 | D:6      | Killed Eustachio
  5048 | D:6      | Found Tuplem's Distillery.
  5056 | D:6      | Gained mutation: You have hoof-like feet. [demonic
                  | ancestry]
  5056 | D:6      | Reached XP level 9. HP: 50/63 MP: 9/9
  5235 | D:6      | Found a shimmering blue altar of Sif Muna.
  5247 | D:6      | Reached skill level 8 in Unarmed Combat
  5334 | D:6      | Reached skill level 5 in Dodging
  5663 | D:6      | Found a shadowy altar of Dithmenos.
  5955 | D:7      | Reached skill level 9 in Unarmed Combat
  6161 | D:7      | Noticed Maurice
  6166 | D:7      | Maurice stole a flux talisman
  6169 | D:7      | Maurice stole 45 gold
  6170 | D:7      | Killed Maurice
  6626 | D:8      | Gained mutation: You have hooves in place of feet. [demonic
                  | ancestry]
  6626 | D:8      | Reached XP level 10. HP: 71/71 MP: 10/10
  7011 | D:8      | Found a staircase to the Lair.
  7250 | D:9      | Found a staircase to the Orcish Mines.
  7346 | D:9      | Noticed Gastronok
  7380 | D:9      | Killed Gastronok
  7381 | D:9      | Reached skill level 10 in Unarmed Combat
  7438 | D:9      | Noticed Maggie
  7461 | D:9      | Killed Maggie
  7485 | D:9      | Found a burning altar of Makhleb.
  7487 | D:9      | Identified the +8 chain mail "Tihip" {-Tele Harm Regen+
                  | Stlth+}
  7522 | D:9      | Reached skill level 11 in Unarmed Combat
  7644 | D:9      | Paralysed by a hornet for 2 turns
  7930 | D:10     | Entered Level 10 of the Dungeon
  8000 | D:10     | Noticed Joseph
  8009 | D:10     | Reached XP level 11. HP: 77/77 MP: 11/11
  8015 | D:10     | Killed Joseph
  8041 | D:10     | Noticed Harold
  8055 | D:10     | Killed Harold
  8137 | D:10     | Found Kuaz's Book Shop.
  8411 | D:10     | Noticed Erolcha
  8422 | D:10     | Reached skill level 12 in Unarmed Combat
  8426 | D:10     | Killed Erolcha
  8875 | D:11     | Noticed a deep elf pyromancer
  8881 | D:11     | Killed a deep elf pyromancer
  8891 | D:11     | Identified the +7 hand axe of Foul Odours {drain, Str+2}
  8931 | D:11     | Noticed an arcanist
  8944 | D:11     | Killed an arcanist
  9014 | D:11     | Noticed a cyan ugly thing
  9019 | D:11     | Killed a cyan ugly thing
  9108 | D:11     | Reached skill level 13 in Unarmed Combat
  9512 | D:12     | Noticed a red ugly thing
  9522 | D:12     | Killed a red ugly thing
  9523 | D:12     | Reached skill level 5 in Fighting
  9528 | D:12     | Gained mutation: Your demonic aura causes all spilled blood
                  | to erupt in flames. [demonic ancestry]
  9528 | D:12     | Reached XP level 12. HP: 78/86 MP: 12/12
  9661 | D:12     | Noticed an ogre mage
  9662 | D:12     | Noticed a boulder beetle
  9681 | D:12     | Killed a boulder beetle
  9687 | D:12     | Paralysed by something for 4 turns
  9688 | D:12     | Reached skill level 14 in Unarmed Combat
  9691 | D:12     | Killed an ogre mage
 10006 | D:13     | Noticed a centaur warrior
 10015 | D:13     | Killed a centaur warrior
 10189 | D:13     | Noticed Lodul
 10210 | D:13     | Killed Lodul
 10211 | D:13     | Reached skill level 15 in Unarmed Combat
 10230 | D:13     | Noticed Nessos
 10240 | D:13     | Gained mutation: When seriously injured, your blood forms
                  | very thick armour. (AC +12) [demonic ancestry]
 10240 | D:13     | Reached XP level 13. HP: 68/93 MP: 13/13
 10258 | D:13     | Found a gate to the Vaults.
 10263 | D:13     | Killed Nessos
 10796 | D:13     | Noticed Urug
 10806 | D:13     | Killed Urug
 11125 | D:14     | Reached skill level 16 in Unarmed Combat
 11476 | D:14     | Noticed Frances
 11477 | D:14     | Noticed Jorgrun
 11489 | D:14     | HP: 4/94 [Frances/iron shot (51)]
 11490 | D:14     | Killed Frances
 11498 | D:14     | Killed Jorgrun
 11571 | D:14     | HP: 3/95 [vampire mosquito (4)]
 11648 | D:14     | Noticed a fire dragon
 11659 | D:14     | Killed a fire dragon
 11925 | D:15     | Entered Level 15 of the Dungeon
 11972 | D:15     | Reached skill level 10 in Shapeshifting
 11992 | D:15     | Found a staircase to the Depths.
 11992 | D:15     | Noticed a stone giant
 12020 | D:15     | Killed a stone giant
 12289 | D:15     | Reached XP level 14. HP: 59/103 MP: 14/14
 12517 | D:15     | Reached skill level 17 in Unarmed Combat
 13433 | D:6      | Bought a potion of berserk rage for 75 gold pieces
 13433 | D:6      | Bought a potion of curing for 45 gold pieces
 13433 | D:6      | Bought a potion of might for 60 gold pieces
 13433 | D:6      | Bought a potion of might for 60 gold pieces
 13677 | Lair:1   | Entered Level 1 of the Lair of Beasts
 14065 | Lair:1   | Identified the +2 whip of Finahurgh {flame, Stlth+}
 14891 | Lair:2   | Identified the ring "Xukh" {Will+ Str+4}
 15183 | Lair:3   | Reached skill level 5 in Stealth
 15372 | Lair:3   | HP: 5/103 [death yak (16)]
 15701 | Lair:3   | Found a staircase to the Shoals.
 15927 | Lair:3   | Reached skill level 18 in Unarmed Combat
 15980 | Lair:3   | Identified the +0 ring mail of Untold Secrets {rC- Will+
                  | Str+3}
 16272 | Lair:3   | Gained mutation: You sometimes gain a little power by
                  | taking damage. [demonic ancestry]
 16272 | Lair:3   | Reached XP level 15. HP: 110/110 MP: 15/15
 16279 | Lair:3   | Found a hole to the Spider Nest.
 17457 | Lair:5   | Entered Level 5 of the Lair of Beasts
 17990 | Lair:5   | Paralysed by a hornet for 3 turns
 18033 | Lair:5   | Reached skill level 19 in Unarmed Combat
 18066 | Lair:5   | Found a staircase to the Slime Pits.
 18078 | Slime:1  | Entered Level 1 of the Pits of Slime
 18094 | Slime:1  | Noticed an azure jelly
 18096 | Slime:1  | Noticed an acid blob
 18098 | Slime:1  | Slain by an azure jelly

Illustrated notes

Levels and vault maps discovered:
D:1:      giann_horns, layout_rooms, chequers_ecumenical_altar_twisty,
          chequers_serial_rivers_micro_c, st_stairs_6, kennysheep_nondescript,
          interstate_on_off
D:2:      layout_loops_ring
D:3:      layout_rooms, uniq_sigmund, uniq_grinder, uniq_terence
D:4:      layout_rooms
D:5:      layout_basic, minmay_temple_entry_mist, minmay_manual_mares,
          uniq_menkaure
D:6:      layout_loops_ring, nicolae_dithmenos_shadow_blocks,
          mainiacjoe_overflow_cross_hatched, serial_shops,
          nicolae_stop_n_shop_2, uniq_eustachio
D:7:      layout_rooms, mainiacjoe_overflow_two_lobes, st_stairs_10,
          uniq_maurice
D:8:      layout_basic, lair_entry_dummy, nicolae_benzene_ring
D:9:      layout_roguey, mainiacjoe_overflow_chevrons, david_orc_2, hex_medium,
          uniq_maggie, uniq_gastronok
D:10:     layout_basic, serial_shops, shop, minmay_misc_feat_enclosed,
          serial_park_tiny_pond, uniq_joseph, uniq_harold, uniq_erolcha
D:11:     layout_big_octagon
D:12:     layout_rooms, minivault_28
D:13:     layout_basic, david_vaults_3, serial_curves, eino_curves_03,
          eino_curves_03, uniq_nessos, uniq_urug
D:14:     layout_roguey, serial_park_tiny_2, minmay_fractal_squares_5,
          uniq_frances, uniq_jorgrun
D:15:     grunt_enter_depths_giant_problem, layout_loops_corners,
          hangedman_glass_teeth, hex_large, minmay_fractal_squares_gapless_5
Temple:   nicolae_temple_bog_church
Lair:1:   layout_misc_corridors, infiniplex_staircase_pool
Lair:2:   layout_cave_pods
Lair:3:   nzn_winding_woodlands_stair_cross
          [nzn_winding_woodlands_5x15_concentric,
          nzn_winding_woodlands_center_pierced_h,
          nzn_winding_woodlands_5x15_parted,
          nzn_winding_woodlands_5x5_open_star, nzn_winding_woodlands_5x5_three,
          nzn_winding_woodlands_5x15_sawtooth,
          nzn_winding_woodlands_center_triple_pond,
          nzn_winding_woodlands_5x15_sidewinder], layout_regular_city,
          elwin_shoals_entry_rooms, nicolae_spider_entry_lesser_pyramids,
          beast_lair_carwin_8
Lair:4:   layout_regular_city, minmay_stone_trees_small, wad_woods_road_03
Lair:5:   hangedman_lair_tendril_chambers, layout_gridlike,
          hangedman_lair_in_review, slime_entry_1,
          chequers_serial_rivers_large_a
Slime:1:  layout_caves

Skill      XL: |  1  2  3  4  5  6  7  8  9 10 11 12 13 14 15 |
---------------+----------------------------------------------+-----
Shapeshifting  | 3 4 5 6 7 8 9 10 11 13 | 13.1
Unarmed Combat | 3 4 5 6 7 9 11 13 15 16 18 19 | 19.0
Dodging        | 2 3 4 5 6 7 8 |  8.5
Stealth        | 1 2 3 4 5 |  5.1
Fighting       | 2 3 4 5 6 7 8 |  8.2

Action                     |  1- 3 |  4- 6 |  7- 9 | 10-12 | 13-15 || total
---------------------------+-------+-------+-------+-------+-------++-------
  Melee: Unarmed           |   140 |    85 |   312 |   366 |   671 ||  1574
         Punch             |     3 |     3 |    13 |    32 |    72 ||   123
         Kick              |       |     7 |    98 |   132 |   238 ||   475
Ability: Begin Untransform |       |       |       |       |     1 ||     1
    Use: Scroll            |     4 |     2 |     5 |     9 |     5 ||    25
         Potion            |       |     9 |     4 |     4 |     5 ||    22
   Stab: Sleeping          |       |     1 |     5 |     1 |     2 ||     9
 Armour: Animal skin       |    85 |    38 |   205 |    26 |       ||   354
         Skin              |       |    27 |       |       |       ||    27
         Chain mail        |       |       |       |   382 |   701 ||  1083
  Dodge: Dodged            |    99 |    45 |   224 |   191 |   329 ||   888
   Form: Blade             |       |       |       |       |     1 ||     1
